Workbook

Sheet Summary
A1: Landscaping Bank Reconciliation Summary
A2: Fictional company | B2: =IF(Assumptions!B4="","",Assumptions!B4) | D2: Account | E2: =IF(Assumptions!B5="","",Assumptions!B5)
A3: Reconciliation period | B3: =IF(OR(Assumptions!B6="",Assumptions!B7=""),"",TEXT(Assumptions!B6,"mm/dd/yyyy")&" - "&TEXT(Assumptions!B7,"mm/dd/yyyy"))
A4: Bank statement activity | D4: Book activity
A5: Opening balance | B5: =IF(Assumptions!B8="","",Assumptions!B8) | D5: Opening balance | E5: =IF(Assumptions!B10="","",Assumptions!B10)
A6: Captured receipts | B6: =IF(COUNT(Reconciliation!D5:D104)=0,"",SUMIF(Reconciliation!D5:D104,">0",Reconciliation!D5:D104)) | D6: Captured receipts | E6: =IF(COUNT(Reconciliation!G5:G104)=0,"",SUMIF(Reconciliation!G5:G104,">0",Reconciliation!G5:G104))
A7: Captured payments | B7: =IF(COUNT(Reconciliation!D5:D104)=0,"",SUMIF(Reconciliation!D5:D104,"<0",Reconciliation!D5:D104)) | D7: Captured payments | E7: =IF(COUNT(Reconciliation!G5:G104)=0,"",SUMIF(Reconciliation!G5:G104,"<0",Reconciliation!G5:G104))
A8: Calculated ending balance | B8: =IF(OR(Assumptions!B8="",COUNT(Reconciliation!D5:D104)=0),"",IFERROR(Assumptions!B8+SUM(Reconciliation!D5:D104),"")) | D8: Calculated ending balance | E8: =IF(OR(Assumptions!B10="",COUNT(Reconciliation!G5:G104)=0),"",IFERROR(Assumptions!B10+SUM(Reconciliation!G5:G104),""))
A9: Entered statement ending | B9: =IF(Assumptions!B9="","",Assumptions!B9) | D9: Entered book ending | E9: =IF(Assumptions!B11="","",Assumptions!B11)
A10: Capture variance | B10: =IF(OR(B8="",B9=""),"",IFERROR(B8-B9,"")) | D10: Capture variance | E10: =IF(OR(E8="",E9=""),"",IFERROR(E8-E9,""))
A12: Adjusted bank side | D12: Adjusted book side
A13: Book-only timing items | B13: =IF(COUNTIF(Reconciliation!J5:J104,"?*")=0,"",IFERROR(SUMIF(Reconciliation!J5:J104,"Books only",Reconciliation!G5:G104),"")) | D13: Bank-only items | E13: =IF(COUNTIF(Reconciliation!J5:J104,"?*")=0,"",IFERROR(SUMIF(Reconciliation!J5:J104,"Bank only",Reconciliation!D5:D104),""))
A14: Adjusted bank balance | B14: =IF(OR(Assumptions!B9="",B13=""),"",IFERROR(Assumptions!B9+B13,"")) | D14: Adjusted book balance | E14: =IF(OR(Assumptions!B11="",E13=""),"",IFERROR(Assumptions!B11+E13,""))
A16: Reconciliation difference | B16: =IF(OR(B14="",E14=""),"",IFERROR(B14-E14,"")) | D16: Items needing review | E16: =IF(COUNTIF(Reconciliation!J5:J104,"?*")=0,"",COUNTIF(Reconciliation!J5:J104,"Bank only")+COUNTIF(Reconciliation!J5:J104,"Books only")+COUNTIF(Reconciliation!J5:J104,"Review")+COUNTIF(Reconciliation!J5:J104,"Incomplete"))
A17: Current assessment | B17: =IFERROR(IF(COUNTIF(Reconciliation!J5:J104,"?*")=0,"Enter transactions to begin.",IF(OR(B16="",Assumptions!B12=""),"Check balance and tolerance inputs.",IF(AND(ABS(B16)<=Assumptions!B12,E16=0),"Balanced - no open items.",IF(ABS(B16)<=Assumptions!B12,"Adjusted balances agree, but open items need review.","Human review needed - adjusted balances differ.")))),"Check entered values.")
A20: Match status counts
A21: Rows entered | B21: =IF(COUNTIF(Reconciliation!J5:J104,"?*")=0,"",COUNTIF(Reconciliation!J5:J104,"?*"))
A22: Matched | B22: =IF(B21="","",COUNTIF(Reconciliation!J5:J104,"Matched"))
A23: Bank only | B23: =IF(B21="","",COUNTIF(Reconciliation!J5:J104,"Bank only"))
A24: Books only | B24: =IF(B21="","",COUNTIF(Reconciliation!J5:J104,"Books only"))
A25: Review | B25: =IF(B21="","",COUNTIF(Reconciliation!J5:J104,"Review"))
A26: Incomplete | B26: =IF(B21="","",COUNTIF(Reconciliation!J5:J104,"Incomplete"))

Sheet Reconciliation
A1: Bank and Book Transaction Matching
A2: Enter signed amounts: receipts are positive; payments, fees, and withdrawals are negative.
A3: Yellow cells are editable. Formula statuses prompt a human check and do not connect to a bank or accounting system.
A4: Reconciliation ID | B4: Bank Date | C4: Description | D4: Bank Amount | E4: Book Date | F4: Book Reference | G4: Book Amount | H4: Category | I4: Difference | J4: Match Status | K4: Explanation / Next Step
A5: BR-0001 | B5: 46235 | C5: Receipt - Amber Vale Fictional Residence | D5: 1850 | E5: 46235 | F5: INV-F001 | G5: 1850 | H5: Customer receipt | I5: =IF(OR(D5="",G5=""),"",IFERROR(D5-G5,"")) | J5: =IF(COUNTA(A5:H5,K5)=0,"",IF(AND(D5="",G5=""),"Incomplete",IF(D5="","Books only",IF(G5="","Bank only",IF(Assumptions!$B$12="","Review",IFERROR(IF(ABS(D5-G5)<=Assumptions!$B$12,"Matched","Review"),"Review"))))))
A6: BR-0002 | B6: 46237 | C6: Fuel - Northstar Demo Fuel, Fictional | D6: -186.42 | E6: 46237 | F6: RCPT-F102 | G6: -186.42 | H6: Fuel | I6: =IF(OR(D6="",G6=""),"",IFERROR(D6-G6,"")) | J6: =IF(COUNTA(A6:H6,K6)=0,"",IF(AND(D6="",G6=""),"Incomplete",IF(D6="","Books only",IF(G6="","Bank only",IF(Assumptions!$B$12="","Review",IFERROR(IF(ABS(D6-G6)<=Assumptions!$B$12,"Matched","Review"),"Review"))))))
A7: BR-0003 | B7: 46240 | C7: Payroll - Demo Crew A, Fictional | D7: -2450 | E7: 46240 | F7: PAY-F081 | G7: -2450 | H7: Payroll | I7: =IF(OR(D7="",G7=""),"",IFERROR(D7-G7,"")) | J7: =IF(COUNTA(A7:H7,K7)=0,"",IF(AND(D7="",G7=""),"Incomplete",IF(D7="","Books only",IF(G7="","Bank only",IF(Assumptions!$B$12="","Review",IFERROR(IF(ABS(D7-G7)<=Assumptions!$B$12,"Matched","Review"),"Review"))))))
A8: BR-0004 | B8: 46243 | C8: Receipt - Cedar Kite Fictional Offices | D8: 920 | E8: 46243 | F8: INV-F014 | G8: 920 | H8: Customer receipt | I8: =IF(OR(D8="",G8=""),"",IFERROR(D8-G8,"")) | J8: =IF(COUNTA(A8:H8,K8)=0,"",IF(AND(D8="",G8=""),"Incomplete",IF(D8="","Books only",IF(G8="","Bank only",IF(Assumptions!$B$12="","Review",IFERROR(IF(ABS(D8-G8)<=Assumptions!$B$12,"Matched","Review"),"Review"))))))
A9: BR-0005 | B9: 46246 | C9: Monthly bank fee - Fictional account | D9: -18 | H9: Bank fee | I9: =IF(OR(D9="",G9=""),"",IFERROR(D9-G9,"")) | J9: =IF(COUNTA(A9:H9,K9)=0,"",IF(AND(D9="",G9=""),"Incomplete",IF(D9="","Books only",IF(G9="","Bank only",IF(Assumptions!$B$12="","Review",IFERROR(IF(ABS(D9-G9)<=Assumptions!$B$12,"Matched","Review"),"Review")))))) | K9: Confirm and record the fee in the books.
A10: BR-0006 | C10: Mower repair - Copper Finch Demo Repair, Fictional | E10: 46249 | F10: CHK-F220 | G10: -675 | H10: Equipment repair | I10: =IF(OR(D10="",G10=""),"",IFERROR(D10-G10,"")) | J10: =IF(COUNTA(A10:H10,K10)=0,"",IF(AND(D10="",G10=""),"Incomplete",IF(D10="","Books only",IF(G10="","Bank only",IF(Assumptions!$B$12="","Review",IFERROR(IF(ABS(D10-G10)<=Assumptions!$B$12,"Matched","Review"),"Review")))))) | K10: Check whether the payment cleared after period end.
A11: BR-0007 | B11: 46252 | C11: Receipt - Blue Lantern Fictional HOA | D11: 1325 | E11: 46252 | F11: INV-F027 | G11: 1325.05 | H11: Customer receipt | I11: =IF(OR(D11="",G11=""),"",IFERROR(D11-G11,"")) | J11: =IF(COUNTA(A11:H11,K11)=0,"",IF(AND(D11="",G11=""),"Incomplete",IF(D11="","Books only",IF(G11="","Bank only",IF(Assumptions!$B$12="","Review",IFERROR(IF(ABS(D11-G11)<=Assumptions!$B$12,"Matched","Review"),"Review")))))) | K11: Compare deposit detail and review the $0.05 difference.
A12: BR-0008 | B12: 46255 | C12: Insurance - Sample Landscape Coverage, Fictional | D12: -412.8 | E12: 46255 | F12: ACH-F031 | G12: -412.8 | H12: Insurance | I12: =IF(OR(D12="",G12=""),"",IFERROR(D12-G12,"")) | J12: =IF(COUNTA(A12:H12,K12)=0,"",IF(AND(D12="",G12=""),"Incomplete",IF(D12="","Books only",IF(G12="","Bank only",IF(Assumptions!$B$12="","Review",IFERROR(IF(ABS(D12-G12)<=Assumptions!$B$12,"Matched","Review"),"Review"))))))
A13: BR-0009 | B13: 46258 | C13: Account interest - Fictional account | D13: 6.24 | H13: Interest | I13: =IF(OR(D13="",G13=""),"",IFERROR(D13-G13,"")) | J13: =IF(COUNTA(A13:H13,K13)=0,"",IF(AND(D13="",G13=""),"Incomplete",IF(D13="","Books only",IF(G13="","Bank only",IF(Assumptions!$B$12="","Review",IFERROR(IF(ABS(D13-G13)<=Assumptions!$B$12,"Matched","Review"),"Review")))))) | K13: Confirm and record the interest in the books.
A14: BR-0010 | C14: Receipt - Paper Birch Fictional Residence | E14: 46265 | F14: DEP-F044 | G14: 760 | H14: Customer receipt | I14: =IF(OR(D14="",G14=""),"",IFERROR(D14-G14,"")) | J14: =IF(COUNTA(A14:H14,K14)=0,"",IF(AND(D14="",G14=""),"Incomplete",IF(D14="","Books only",IF(G14="","Bank only",IF(Assumptions!$B$12="","Review",IFERROR(IF(ABS(D14-G14)<=Assumptions!$B$12,"Matched","Review"),"Review")))))) | K14: Check whether the deposit appears after period end.
I15: =IF(OR(D15="",G15=""),"",IFERROR(D15-G15,"")) | J15: =IF(COUNTA(A15:H15,K15)=0,"",IF(AND(D15="",G15=""),"Incomplete",IF(D15="","Books only",IF(G15="","Bank only",IF(Assumptions!$B$12="","Review",IFERROR(IF(ABS(D15-G15)<=Assumptions!$B$12,"Matched","Review"),"Review"))))))
I16: =IF(OR(D16="",G16=""),"",IFERROR(D16-G16,"")) | J16: =IF(COUNTA(A16:H16,K16)=0,"",IF(AND(D16="",G16=""),"Incomplete",IF(D16="","Books only",IF(G16="","Bank only",IF(Assumptions!$B$12="","Review",IFERROR(IF(ABS(D16-G16)<=Assumptions!$B$12,"Matched","Review"),"Review"))))))
I17: =IF(OR(D17="",G17=""),"",IFERROR(D17-G17,"")) | J17: =IF(COUNTA(A17:H17,K17)=0,"",IF(AND(D17="",G17=""),"Incomplete",IF(D17="","Books only",IF(G17="","Bank only",IF(Assumptions!$B$12="","Review",IFERROR(IF(ABS(D17-G17)<=Assumptions!$B$12,"Matched","Review"),"Review"))))))
I18: =IF(OR(D18="",G18=""),"",IFERROR(D18-G18,"")) | J18: =IF(COUNTA(A18:H18,K18)=0,"",IF(AND(D18="",G18=""),"Incomplete",IF(D18="","Books only",IF(G18="","Bank only",IF(Assumptions!$B$12="","Review",IFERROR(IF(ABS(D18-G18)<=Assumptions!$B$12,"Matched","Review"),"Review"))))))
I19: =IF(OR(D19="",G19=""),"",IFERROR(D19-G19,"")) | J19: =IF(COUNTA(A19:H19,K19)=0,"",IF(AND(D19="",G19=""),"Incomplete",IF(D19="","Books only",IF(G19="","Bank only",IF(Assumptions!$B$12="","Review",IFERROR(IF(ABS(D19-G19)<=Assumptions!$B$12,"Matched","Review"),"Review"))))))
I20: =IF(OR(D20="",G20=""),"",IFERROR(D20-G20,"")) | J20: =IF(COUNTA(A20:H20,K20)=0,"",IF(AND(D20="",G20=""),"Incomplete",IF(D20="","Books only",IF(G20="","Bank only",IF(Assumptions!$B$12="","Review",IFERROR(IF(ABS(D20-G20)<=Assumptions!$B$12,"Matched","Review"),"Review"))))))
I21: =IF(OR(D21="",G21=""),"",IFERROR(D21-G21,"")) | J21: =IF(COUNTA(A21:H21,K21)=0,"",IF(AND(D21="",G21=""),"Incomplete",IF(D21="","Books only",IF(G21="","Bank only",IF(Assumptions!$B$12="","Review",IFERROR(IF(ABS(D21-G21)<=Assumptions!$B$12,"Matched","Review"),"Review"))))))
I22: =IF(OR(D22="",G22=""),"",IFERROR(D22-G22,"")) | J22: =IF(COUNTA(A22:H22,K22)=0,"",IF(AND(D22="",G22=""),"Incomplete",IF(D22="","Books only",IF(G22="","Bank only",IF(Assumptions!$B$12="","Review",IFERROR(IF(ABS(D22-G22)<=Assumptions!$B$12,"Matched","Review"),"Review"))))))
I23: =IF(OR(D23="",G23=""),"",IFERROR(D23-G23,"")) | J23: =IF(COUNTA(A23:H23,K23)=0,"",IF(AND(D23="",G23=""),"Incomplete",IF(D23="","Books only",IF(G23="","Bank only",IF(Assumptions!$B$12="","Review",IFERROR(IF(ABS(D23-G23)<=Assumptions!$B$12,"Matched","Review"),"Review"))))))
I24: =IF(OR(D24="",G24=""),"",IFERROR(D24-G24,"")) | J24: =IF(COUNTA(A24:H24,K24)=0,"",IF(AND(D24="",G24=""),"Incomplete",IF(D24="","Books only",IF(G24="","Bank only",IF(Assumptions!$B$12="","Review",IFERROR(IF(ABS(D24-G24)<=Assumptions!$B$12,"Matched","Review"),"Review"))))))
I25: =IF(OR(D25="",G25=""),"",IFERROR(D25-G25,"")) | J25: =IF(COUNTA(A25:H25,K25)=0,"",IF(AND(D25="",G25=""),"Incomplete",IF(D25="","Books only",IF(G25="","Bank only",IF(Assumptions!$B$12="","Review",IFERROR(IF(ABS(D25-G25)<=Assumptions!$B$12,"Matched","Review"),"Review"))))))
I26: =IF(OR(D26="",G26=""),"",IFERROR(D26-G26,"")) | J26: =IF(COUNTA(A26:H26,K26)=0,"",IF(AND(D26="",G26=""),"Incomplete",IF(D26="","Books only",IF(G26="","Bank only",IF(Assumptions!$B$12="","Review",IFERROR(IF(ABS(D26-G26)<=Assumptions!$B$12,"Matched","Review"),"Review"))))))
... I104: =IF(OR(D104="",G104=""),"",IFERROR(D104-G104,"")) | J104: =IF(COUNTA(A104:H104,K104)=0,"",IF(AND(D104="",G104=""),"Incomplete",IF(D104="","Books only",IF(G104="","Bank only",IF(Assumptions!$B$12="","Review",IFERROR(IF(ABS(D104-G104)<=Assumptions!$B$12,"Matched","Review"),"Review"))))))

Sheet Assumptions
A1: Reconciliation Assumptions and Editable Lists
A2: Edit yellow cells before using the reconciliation. All example names, balances, and transactions are fictional.
A3: Reconciliation Input | B3: Editable Value | C3: Purpose | D3: Category Choices | E3: Category Use
A4: Fictional company | B4: Emerald Spade Landscaping LLC (Fictional) | C4: Display label only | D4: Customer receipt | E4: Money received from a fictional customer
A5: Account label | B5: Demo Operating Checking •••• 4421 (Fictional) | C5: Identifies the account being reviewed | D5: Vendor payment | E5: Payment to a fictional supplier
A6: Period start | B6: 46235 | C6: Start of the reconciliation period | D6: Payroll | E6: Payroll entry for a fictional crew
A7: Period end | B7: 46265 | C7: End of the reconciliation period | D7: Fuel | E7: Fuel purchase
A8: Statement opening balance | B8: 12485.6 | C8: Opening balance entered from the statement | D8: Equipment repair | E8: Equipment repair or maintenance
A9: Statement ending balance | B9: 13519.62 | C9: Ending balance entered from the statement | D9: Bank fee | E9: Fee shown by the bank
A10: Book opening balance | B10: 12485.6 | C10: Opening balance entered from business records | D10: Interest | E10: Interest shown by the bank
A11: Book ending balance | B11: 13616.43 | C11: Ending balance entered from business records | D11: Insurance | E11: Insurance payment
A12: Match tolerance | B12: 0.01 | C12: Maximum amount difference treated as matched | D12: Other | E12: Other transaction requiring a description
A13: Earliest allowed transaction date | B13: 45870 | C13: Editable validation boundary
A14: Latest allowed transaction date | B14: 46630 | C14: Editable validation boundary
A15: Maximum absolute transaction amount | B15: 100000 | C15: Editable validation limit
A17: Entry notes
A18: Amount entry | B18: Receipts are positive; payments, fees, and withdrawals are negative. | D18: No connection | E18: Balances and transactions are entered manually.
A19: Review prompts | B19: Statuses identify items for a human check and do not represent an official approval. | D19: Examples | E19: All sample companies, customers, vendors, crews, and transactions are fictional.
A20: Adjusted bank side | B20: Book-only signed amounts are added to the entered statement ending balance. | D20: Adjusted book side | E20: Bank-only signed amounts are added to the entered book ending balance.
